 Dungeon Crawl Stone Soup version 0.21-a0-625-g1119ec1 (webtiles) character file.

206 tof the Slasher (level 5, -4/47 HPs)
             Began as a Minotaur Monk on Dec 24, 2017.
             Killed from afar by Sigmund (5 damage)
             ... with a puff of flame
             ... on level 3 of the Dungeon.
             The game lasted 00:03:30 (3035 turns).

tof the Slasher (Minotaur Monk)                     Turns: 3035, Time: 00:03:31

Health: -4/47      AC:  5    Str: 15      XL:     5   Next: 53%
Magic:  4/4        EV: 12    Int:  7      God:
Gold:   109        SH:  0    Dex: 13 (14) Spells: 4/4 levels left

rFire    . . .     SeeInvis .   a - +0 falchion
rCold    . . .     Gourm    .   (no shield)
rNeg     . . .     Faith    .   e - +0 ring mail
rPois    .         Spirit   .   (helmet restricted)
rElec    .         Reflect  .   (no cloak)
rCorr    .         Harm     .   (no gloves)
MR       .....                  (no boots)
Stlth    ..........             (no amulet)
HPRegen  0.15/turn              (no ring)
MPRegen  0.09/turn              (no ring)

@: confused
A: retaliatory headbutt, horns 2
a: no special abilities


You were on level 3 of the Dungeon.
You were not hungry.

You visited 1 branch of the dungeon, and saw 3 of its levels.

You collected 109 gold pieces.

Inventory:

Hand Weapons
 a - a +0 falchion (weapon)
Armour
 e - a +0 ring mail (worn)
Scrolls
 d - 4 scrolls of fear {unknown}
 f - a scroll of enchant armour {unknown}
 g - a scroll of amnesia {unknown}
 h - 3 scrolls of identify {unknown}
 i - 2 scrolls of fog {unknown}
 j - a scroll of teleportation {unknown}
 k - 2 scrolls of enchant weapon {unknown}
 l - a scroll of blinking {unknown}
 p - a scroll of remove curse {unknown}
Potions
 b - a potion of invisibility {unknown}
 o - a potion of heal wounds {unknown}
Comestibles
 c - 9 rations
 n - 4 chunks of flesh


   Skills:
 + Level 4.7 Fighting
 * Level 5.5 Long Blades
 + Level 2.1 Throwing
 + Level 2.6 Armour
 - Level 3.2 Dodging
 - Level 1.5 Stealth


You had 4 spell levels left.
You didn't know any spells.

Dungeon Overview and Level Annotations

Branches:
Dungeon (3/15)

Altars:
Ashenzari

Annotations:
D:3 1 runed door, Sigmund


Innate Abilities, Weirdness & Mutations

You reflexively headbutt those who attack you in melee.
You have a pair of horns on your head.


Message History

Sigmund barely misses you.
An adder comes into view.
The adder hisses angrily.
You hit Sigmund. You headbutt Sigmund.
Sigmund is almost dead.
You barely miss Sigmund.
Sigmund is almost dead.
Sigmund points at you and mumbles some strange words.
You are confused.
You completely miss Sigmund.
Sigmund is almost dead.
Sigmund barely misses you.
You bump into the rock wall.
Sigmund hits you with a scythe!
* * * LOW HITPOINT WARNING * * *
You bump into the rock wall.
Sigmund hits you from afar with a scythe.
* * * LOW HITPOINT WARNING * * *
Sigmund gestures at you while chanting. The puff of flame hits you!
You die...

##.###....รท..#.#
#.............#.#
#.#.########.##.#
#.##.# #.#..#
#..#.## #.###.##
#.## ##.# ## #@##
#@## #(S #.. #..
... ###. ..


You could see Sigmund and an adder.

Vanquished Creatures
  The ghost of 4thArraOfDagon the Digger, a weakling BaEE (D:3)
  Natasha (twice) (D:3)
  A worker ant (D:2)
  3 adders
  2 worms (D:2)
  A dart slug (D:2)
  4 orcs
  A ball python (D:1)
  2 giant cockroaches (D:1)
  8 hobgoblins
  4 jackals (D:1)
  A quokka (D:2)
  9 bats
  3 frilled lizards
  9 goblins
  6 kobolds
  6 rats
63 creatures vanquished.

Notes
Turn   | Place    | Note
-------+----------+-------------------------------------------
     0 | D:1      | tof the Minotaur Monk began the quest for the Orb.
     0 | D:1      | Reached XP level 1. HP: 19/19 MP: 0/0
   487 | D:1      | Reached XP level 2. HP: 27/27 MP: 1/1
   552 | D:1      | Reached skill level 4 in Long Blades
   694 | D:1      | Reached skill level 1 in Armour
   853 | D:1      | Reached skill level 1 in Throwing
   912 | D:1      | Reached XP level 3. HP: 33/33 MP: 2/2
  1448 | D:2      | Found a shattered altar of Ashenzari.
  1992 | D:3      | Noticed Natasha
  1995 | D:3      | Killed Natasha
  1995 | D:3      | Reached XP level 4. HP: 37/40 MP: 3/3
  2014 | D:3      | Noticed 4thArraOfDagon's ghost (weakling BaEE)
  2022 | D:3      | Killed 4thArraOfDagon's ghost
  2022 | D:3      | Reached skill level 5 in Long Blades
  2239 | D:3      | Noticed Natasha
  2250 | D:2      | Reached XP level 5. HP: 32/47 MP: 4/4
  2602 | D:3      | Killed Natasha
  2839 | D:3      | Found a runed door.
  3019 | D:3      | Noticed Sigmund
  3034 | D:3      | HP: 1/47 [Sigmund/scythe (4)]
  3035 | D:3      | Killed from afar by Sigmund

Vault maps used:
D:1:      dpeg_arrival_morbid_curiosity
D:2:      ashenzari_conservatory_becter
D:3:      uniq_crazy_yiuf_cottage, uniq_natasha, uniq_sigmund

Skill      XL: |  1  2  3  4  5 |
---------------+----------------+-----
Long Blades    | 4 5 |  5.5
Armour         | 1 2 |  2.6
Throwing       | 1 2 |  2.1
Fighting       | 4 |  4.7
Dodging        | |  3.2
Stealth        | |  1.5

Action                   |  1- 3 |  4- 6 || total
-------------------------+-------+-------++-------
Melee: Falchion          |    68 |    64 ||   132
       Headbutt          |    11 |     9 ||    20
Throw: Tomahawk          |       |     5 ||     5
  Use: Potion            |     3 |       ||     3
 Stab: Sleeping          |     4 |       ||     4
  Eat: Chunk             |     3 |     4 ||     7
Armor: Robe              |     8 |       ||     8
       Ring mail         |     4 |    15 ||    19
Dodge: Dodged            |    47 |    59 ||   106
       Rpst.: Falchion   |    19 |    15 ||    34

Table legend:
 A = Spawn XP
 B = Non-spawn XP
 C = Spawn XP percentage of total XP
 D = Spawn monster count
 E = Non-spawn monster count
 F = Spawn count percentage of total count
 G = Total turns spent on level
                    A         B        C        D         E        F      G
               +---------+---------+-------+---------+---------+-------+---------
         Total |       0 |     295 |   0.0 |       0 |      63 |   0.0 |  3035
               +---------+---------+-------+---------+---------+-------+---------
           D:1 |       0 |      42 |   0.0 |       0 |      25 |   0.0 |  1037
           D:2 |       0 |      96 |   0.0 |       0 |      20 |   0.0 |  1280
           D:3 |       0 |     157 |   0.0 |       0 |      18 |   0.0 |   718
               +---------+---------+-------+---------+---------+-------+---------
